Map: Acropolis LE

Players

HeRoMaRinE - Winner!

  • Race: Terran Terran
  • Spawn Location: 5:00

Classic

  • Race: Protoss Protoss
  • Spawn Location: 11:00

Event: 2019 WCS Global FInals

VOD

Have the link to the VOD?

Description

Time

  • Played on: Oct. 25, 2019, 11:36 p.m.
  • Length: 20:43

All games in this series

Show
View Real Time Build Order
Export as new Build Order

HeRoMaRinE Terran - Winner!

Build Orders: Reaper Expand 

Get SALT Encoding   

  12  0:00  SCV  
  13  0:12  SCV  
  14  0:16  Supply Depot  
  14  0:24  SCV  
  15  0:38  SCV  
  15  0:40  Barracks  
  16  0:43  Refinery  
  16  0:50  SCV  
  17  1:02  SCV  
  18  1:14  SCV  
  19  1:31  Reaper, Orbital Command  
  20  1:41  Command Center  
  20  1:52  Supply Depot  
  20  1:56  SCV  
  21  2:03  Bunker  
  21  2:05  Marine  
  22  2:08  SCV  
  23  2:17  Factory  
  23  2:21  SCV  
  24  2:23  Barracks Reactor  
  24  2:33  SCV  
  24  2:35  Refinery  
  25  2:45  SCV  
  26  2:53  Orbital Command  
  26  2:57  SCV  
  27  3:00  Marine x2  
  27  3:01  Widow Mine  
  30  3:08  Starport  
  30  3:09  SCV  
  31  3:18  Marine x2, SCV  
  34  3:21  SCV  
  36  3:27  Widow Mine  
  36  3:31  SCV  
  36  3:33  SCV  
  38  3:36  Marine x2  
  39  3:43  SCV  
  39  3:45  Medivac, SCV  
  43  3:50  Factory Tech Lab  
  43  3:53  Barracks  
  43  3:55  SCV  
  46  4:00  Supply Depot  
  46  4:01  SCV  
  45  4:05  Barracks  
  45  4:07  SCV  
  46  4:12  Refinery  
  46  4:13  Engineering Bay  
  46  4:15  Stimpack  
  46  4:16  Factory Tech Lab  
  46  4:19  Starport Reactor  
  46  4:22  Marine, SCV x2  
  46  4:23  Supply Depot  
  47  4:34  SCV x2  
  47  4:38  Siege Tank  
  52  4:40  Marine  
  52  4:44  Missile Turret  
  53  4:46  Terran Infantry Weapons Level 1, SCV x2  
  53  4:50  Marine x2  
  57  4:57  Marine  
  57  4:58  SCV x2  
  56  5:02  Marine  
  56  5:03  Starport Reactor  
  56  5:08  Marine x2  
  56  5:09  Marine  
  56  5:10  SCV x2  
  56  5:13  Supply Depot x2  
  61  5:15  Marine  
  61  5:20  Marine  
  61  5:23  SCV  
  62  5:29  Siege Tank, Marine x2, SCV, Supply Depot  
  62  5:31  Marine  
  62  5:35  SCV  
  70  5:36  Marauder  
  70  5:41  SCV  
  70  5:42  Missile Turret  
  73  5:47  Medivac x2, SCV  
  78  5:53  SCV  
  78  5:55  Refinery  
  79  5:57  Marine, Marauder  
  79  5:59  Marine  
  79  6:03  Combat Shield  
  83  6:10  Widow Mine x2  
  86  6:13  Supply Depot  
  86  6:14  Marauder  
  86  6:16  Marine  
  86  6:17  Marine  
  90  6:18  Marauder  
  90  6:22  SCV  
  90  6:23  SCV  
  92  6:26  Medivac  
  92  6:33  Medivac  
  92  6:34  Marine  
  92  6:35  Marine, Marauder  
  92  6:37  Supply Depot  
  100  6:40  Marauder  
  100  6:46  Widow Mine  
  102  6:54  Marine  
  102  6:59  Widow Mine, Marine, Marauder  
  106  7:01  Medivac, Marauder  
  106  7:04  Supply Depot  
  106  7:06  Supply Depot  
  106  7:08  Terran Infantry Armor Level 1  
  108  7:09  SCV x2  
  108  7:11  Marine  
  111  7:16  Marine  
  111  7:21  SCV, Marauder  
  117  7:23  Marauder  
  117  7:29  Marine  
  101  7:34  Marine  
  98  7:38  Widow Mine x2  
  98  7:42  Marauder  
  99  7:44  Marauder  
  99  7:47  Marine  
  97  7:52  Marine  
  97  8:03  Marauder  
  97  8:05  Marine, Marauder  
  99  8:07  Command Center  
  99  8:10  Marine  
  93  8:21  Barracks, Medivac x2  
  93  8:23  Marine  
  93  8:24  Widow Mine x2, Barracks  
  93  8:25  Marauder  
  93  8:26  SCV  
  106  8:27  SCV, Marauder  
  106  8:28  Armory  
  106  8:29  Marine  
  107  8:38  SCV  
  107  8:39  SCV  
  107  8:40  Marine  
  110  8:46  Engineering Bay, Marauder  
  110  8:47  Widow Mine x2, Marine  
  119  8:48  Marauder  
  119  8:54  Concussive Shells  
  119  8:57  SCV  
  119  8:58  SCV  
  121  9:03  Marine  
  121  9:05  Marine  
  121  9:07  Marauder  
  121  9:09  SCV  
  128  9:10  SCV, Marauder  
  128  9:15  Widow Mine x2, Barracks Tech Lab, Barracks Reactor  
  133  9:17  Terran Infantry Armor Level 2, Terran Infantry Weapons Level 2  
  133  9:22  SCV x2  
  135  9:27  Marine  
  135  9:28  Marine  
  135  9:29  Marauder  
  135  9:31  Marauder  
  137  9:35  SCV x2  
  137  9:36  Marauder  
  141  9:38  Ghost Academy  
  141  9:39  Widow Mine x2  
  141  9:43  Orbital Command  
  145  9:47  SCV  
  145  9:48  SCV  
  145  9:49  Liberator  
  145  9:50  Missile Turret  
  148  10:07  Enhanced Shockwaves, Supply Depot x2  
  148  10:09  Supply Depot  
  148  10:12  Marine x3  
  153  10:14  Marine  
  154  10:21  Refinery, SCV x3  
  154  10:22  Refinery  
  154  10:28  Bunker  
  157  10:33  SCV  
  157  10:34  SCV  
  161  10:38  Unknown  
  161  10:39  Widow Mine  
  161  10:40  Widow Mine, Unknown  
  165  10:43  Supply Depot  
  165  10:44  Supply Depot  
  165  10:48  Marine x2, Marauder x2  
  165  10:49  Marine x2  
  172  10:50  Orbital Command  
  172  10:57  Unknown  
  172  11:03  Viking x2  
  167  11:09  Marine  
  167  11:10  Marine x2  
  164  11:15  Marine x2  
  168  11:22  Liberator  
  168  11:27  Marine  
  168  11:28  Marine  
  168  11:31  Marine  
  154  11:33  Marine  
  154  11:36  Widow Mine x2  
  162  11:42  Refinery  
  162  11:43  Refinery  
  162  11:45  Marine x3, Unknown x2  
  165  11:49  SCV x2  
  165  11:50  SCV  
  165  11:52  Marine x2  
  166  11:55  Medivac  
  166  11:56  Marine  
  169  12:02  Unknown  
  169  12:03  Widow Mine  
  169  12:05  Marine  
  174  12:13  Marauder x2  
  178  12:19  Widow Mine  
  178  12:21  Marine x2  
  182  12:28  Liberator x2  
  174  12:30  Unknown  
  174  12:31  Marauder  
  174  12:33  Marine x2  
  174  12:34  Marauder x2  
  162  12:39  Marine  
  162  12:42  Widow Mine  
  162  12:43  Widow Mine  
  160  12:52  Marauder  
  160  12:55  Marine x2  
  160  12:56  Marauder x2  
  160  12:57  Marine x2  
  134  13:13  Marine x2, Marauder  
  134  13:16  Barracks x3  
  134  13:18  Marauder x2  
  138  13:22  Marine x2  
  138  13:23  Starport  
  140  13:28  Medivac, SCV x2  
  140  13:29  SCV  
  145  13:35  Marauder  
  145  13:41  Marine, Marauder x2  
  151  13:48  Marine x3  
  149  13:52  Bunker  
  151  14:02  Viking x2  
  153  14:03  Marauder x2  
  153  14:07  Terran Infantry Weapons Level 3  
  153  14:09  Terran Infantry Armor Level 3  
  154  14:18  Barracks Tech Lab x2, Barracks Reactor  
  154  14:19  Marine x3  
  154  14:20  Marine  
  156  14:25  Marauder x2  
  160  14:37  Marine x2  
  162  14:42  Unknown  
  164  14:46  Marauder x2  
  164  14:48  Marine x2  
  174  14:54  Marine x3  
  174  14:55  Marine  
  176  15:06  Command Center x2  
  176  15:08  Marine x2, Marauder  
  176  15:10  Unknown  
  176  15:11  Marauder  
  176  15:12  Marine x2  
  186  15:14  Unknown x2  
  186  15:15  Marine, Marauder x2  
  190  15:22  Marine  
  190  15:26  Marine x2  
  193  15:29  Marauder  
  193  15:32  Marauder  
  197  15:36  Unknown  
  197  15:39  Marine  
  197  15:40  Marine  
  191  15:46  Marine x3  
  191  15:47  Marauder  
  191  15:48  Marine  
  191  15:49  Supply Depot  
  195  15:50  Marauder  
  195  15:54  Marine  
  190  15:59  Marine  
  190  16:00  Marine  
  190  16:04  Marine  
  166  16:08  Marauder  
  166  16:11  Medivac x4  
  170  16:12  Marauder x2  
  170  16:13  Unknown x2  
  170  16:14  Marauder  
  170  16:15  Marauder  
  170  16:16  Marine  
  179  16:19  Orbital Command  
  179  16:22  SCV x2  
  179  16:23  SCV  
  180  16:31  Marine x2  
  184  16:34  SCV, Marauder  
  184  16:35  SCV  
  183  16:40  Viking  
  183  16:41  Viking  
  183  16:43  Planetary Fortress  
  187  16:48  Viking  
  189  16:56  Orbital Command  
  189  16:58  Unknown  
  182  17:05  Marauder  
  169  17:16  Viking x2  
  169  17:18  Marauder  
  169  17:19  Marine  
  174  17:24  Viking  
  174  17:25  Unknown  
  174  17:26  Viking  
  166  17:31  Unknown  
  166  17:35  Marauder  
  166  17:36  Marauder x3  
  168  17:40  Marauder  
  168  17:41  Marine  
  168  17:42  Marine  
  168  17:43  Marine  
  168  17:44  Marine x2  
  174  17:48  Viking  
  174  17:49  Viking  
  179  17:57  Marauder x2  
  179  17:58  Marauder  
  176  18:00  Marine, Marauder  
  176  18:03  Orbital Command, Marauder  
  173  18:13  Marine  
  173  18:14  Medivac x2  
  173  18:18  Marauder x2  
  173  18:19  Marauder  
  184  18:20  Marine  
  184  18:21  Marine x2  
  184  18:22  Marine  
  188  18:34  Marauder  
  190  18:36  Marauder  
  190  18:38  Marine  
  190  18:40  Viking, Marauder  
  184  18:51  Viking x2  
  187  18:56  Viking  
  187  19:01  Marauder x2  
  193  19:09  Refinery x2  
  193  19:11  Viking  
  193  19:12  Unknown x2  
  195  19:21  Viking  
  195  19:23  Unknown  
  199  19:41  Marauder  
  199  19:42  Viking  
  199  19:44  Marauder  
  199  19:47  Marauder, Unknown  
  199  19:51  Marauder  
  199  19:52  Marine x2  
  200  20:11  Command Center  
  200  20:13  Command Center  
Show
View Real Time Build Order
Export as new Build Order

Classic Protoss 

Build Orders: 1 Gate Expand, Phoenix Opening 

Get SALT Encoding   

  12  0:00  Probe  
  13  0:12  Probe  
  14  0:17  Pylon  
  14  0:24  Probe  
  15  0:36  Gateway  
  15  0:38  Probe (Chrono Boost)  
  16  0:48  Probe (Chrono Boost)  
  16  0:49  Assimilator  
  17  0:53  Probe (Chrono Boost)  
  18  1:05  Probe  
  19  1:17  Probe  
  20  1:24  Cybernetics Core  
  21  1:37  Nexus  
  20  1:44  Pylon  
  21  1:47  Probe  
  21  1:52  Assimilator  
  21  1:58  Adept (Chrono Boost)  
  23  2:02  Probe  
  24  2:15  Probe  
  25  2:20  Adept  
  27  2:25  Stargate  
  27  2:27  Probe  
  28  2:31  Warp Gate  
  28  2:39  Probe  
  30  2:51  Probe (Chrono Boost)  
  30  2:55  Probe (Chrono Boost)  
  31  3:03  Probe (Chrono Boost)  
  31  3:07  Probe (Chrono Boost)  
  31  3:09  Phoenix (Chrono Boost)  
  31  3:11  Probe (Chrono Boost)  
  34  3:12  Probe (Chrono Boost)  
  34  3:17  Probe  
  36  3:21  Probe  
  36  3:26  Phoenix  
  37  3:29  Probe  
  37  3:33  Probe  
  41  3:36  Pylon  
  41  3:43  Probe  
  41  3:45  Probe  
  43  3:50  Phoenix (Chrono Boost)  
  45  3:56  Probe  
  45  3:57  Probe  
  45  4:00  Pylon  
  47  4:06  Phoenix (Chrono Boost)  
  47  4:08  Probe  
  47  4:09  Probe, Nexus  
  51  4:20  Gateway  
  51  4:21  Stalker  
  51  4:22  Gateway  
  53  4:24  Probe  
  53  4:25  Probe  
  55  4:31  Phoenix  
  55  4:33  Pylon  
  55  4:37  Assimilator  
  57  4:39  Assimilator  
  57  4:40  Probe  
  57  4:41  Probe  
  59  4:51  Pylon  
  59  4:53  Probe x2  
  61  5:01  Forge  
  61  5:02  Forge  
  61  5:07  Probe  
  61  5:08  Twilight Council, Probe  
  63  5:19  Probe  
  63  5:20  Probe  
  65  5:22  Probe  
  65  5:25  Sentry  
  65  5:26  Sentry  
  65  5:27  Pylon  
  70  5:32  Protoss Ground Armor Level 1 (Chrono Boost), Probe x2, Protoss Ground Weapons Level 1 (Chrono Boost)  
  70  5:34  Probe  
  73  5:38  Pylon  
  73  5:41  Gateway  
  73  5:42  Gateway  
  73  5:44  Probe  
  74  5:52  Gateway  
  74  5:53  Probe x2  
  74  5:56  Gateway, Probe  
  77  6:01  Charge (Chrono Boost)  
  77  6:02  Zealot, Sentry x2  
  77  6:03  Gateway  
  83  6:05  Probe x2  
  83  6:08  Probe  
  86  6:11  Pylon  
  86  6:12  Pylon  
  86  6:18  Templar Archives  
  82  6:27  Phoenix  
  82  6:30  Zealot x3  
  90  6:37  Zealot x2  
  90  6:38  Shield Battery  
  90  6:39  Shield Battery  
  94  6:40  Pylon  
  94  6:42  Photon Cannon  
  94  6:52  Zealot x5  
  102  7:00  Zealot x3  
  96  7:04  Phoenix, Shield Battery  
  98  7:14  Zealot x3  
  98  7:15  Zealot x2  
  108  7:27  Zealot x3  
  92  7:34  Zealot  
  92  7:35  Zealot x4  
  82  7:38  Phoenix  
  80  7:48  Zealot x3  
  76  7:55  Zealot x5  
  86  8:05  Pylon, Zealot x2  
  90  8:11  Zealot x3  
  88  8:19  Zealot x3  
  86  8:22  Protoss Ground Weapons Level 2 (Chrono Boost)  
  86  8:23  Phoenix  
  86  8:24  Zealot x2  
  86  8:26  Shield Battery  
  92  8:27  Shield Battery  
  92  8:28  Protoss Ground Armor Level 2 (Chrono Boost)  
  92  8:33  High Templar x2  
  92  8:34  Zealot  
  98  8:37  Archon  
  98  8:41  Zealot, High Templar x2  
  98  8:46  Pylon, Archon  
  104  8:49  Assimilator, Zealot x2  
  104  8:50  Assimilator  
  104  8:52  Pylon  
  108  9:00  Zealot  
  110  9:04  Zealot  
  110  9:07  Robotics Facility  
  112  9:13  Zealot x5  
  122  9:17  Psionic Storm  
  122  9:19  Pylon  
  124  9:40  High Templar x4  
  124  9:41  Zealot x4  
  138  9:46  Blink, Pylon  
  138  9:48  Pylon  
  138  9:53  Nexus  
  138  9:55  Observer (Chrono Boost)  
  139  10:09  Sentry  
  139  10:11  Warp Prism (Chrono Boost)  
  139  10:13  Pylon  
  141  10:14  Pylon  
  141  10:15  Zealot  
  143  10:25  High Templar x2  
  147  10:30  Robotics Facility  
  147  10:34  Robotics Bay  
  147  10:39  Warp Prism (Chrono Boost), Zealot  
  147  10:40  Zealot x5  
  159  10:55  Pylon, Probe x2  
  159  11:10  Stalker x5  
  163  11:15  Archon  
  163  11:17  Stalker x2  
  167  11:21  Stalker  
  135  11:39  Disruptor  
  134  11:40  Disruptor  
  134  11:44  Zealot x6  
  141  11:54  High Templar  
  141  11:55  Zealot  
  141  11:57  Extended Thermal Lance  
  139  12:04  Probe x4  
  143  12:08  Zealot x2  
  143  12:10  Zealot  
  143  12:11  Zealot x2  
  153  12:21  Zealot x2  
  145  12:32  Archon  
  145  12:35  Zealot x6  
  115  12:42  Zealot  
  115  12:43  Zealot  
  107  12:55  Disruptor (Chrono Boost), Zealot  
  107  12:56  Zealot x5  
  114  12:59  Disruptor (Chrono Boost)  
  105  13:13  High Templar  
  105  13:14  High Templar  
  105  13:19  Zealot x4  
  117  13:22  High Templar x2  
  121  13:38  Archon  
  121  13:42  Stalker x4, Pylon  
  129  13:48  Nexus  
  129  13:59  Disruptor x2  
  131  14:22  High Templar x4  
  137  14:24  Pylon, High Templar  
  137  14:25  High Templar  
  141  14:34  Forge  
  141  14:35  Colossus x2  
  153  14:46  Stalker x2  
  157  15:00  Zealot x5  
  165  15:14  Zealot x3  
  165  15:17  Pylon  
  165  15:19  Archon  
  163  15:29  High Templar  
  163  15:30  Colossus (Chrono Boost)  
  163  15:31  Colossus (Chrono Boost)  
  175  15:40  Zealot x3  
  180  15:49  Assimilator  
  176  15:51  Assimilator  
  156  16:12  Stalker x4  
  156  16:13  Stalker  
  166  16:18  Warp Prism (Chrono Boost)  
  166  16:23  Disruptor (Chrono Boost)  
  169  16:29  High Templar x2  
  169  16:30  Nexus  
  171  16:48  Stalker x2  
  171  16:49  Stalker x4  
  138  17:09  Archon x2  
  138  17:11  Zealot x2  
  135  17:29  High Templar  
  131  17:30  High Templar x4  
  131  17:34  Stalker x2  
  141  17:41  Stalker  
  128  17:59  Observer  
  128  18:05  Zealot x6  
  120  18:07  Stalker  
  112  18:15  High Templar  
  114  18:26  Stalker x4  
  122  18:32  Archon  
  122  18:40  Nexus  
  112  18:55  Pylon  
  112  18:57  Warp Prism (Chrono Boost)  
  114  19:03  High Templar x2  
  114  19:08  Assimilator  
  114  19:09  Assimilator  
  118  19:18  Zealot x6  
  124  19:35  Stalker x2  
  110  19:52  Probe  
  110  19:53  Probe x3  
  113  20:05  Zealot  
  115  20:11  Zealot x3  
  121  20:17  Zealot  
  105  20:26  Archon  
Tags
 
Add a new tag
Caveats
  • Supply blocks, unpowered buildings, or Contaminate may cause inaccurate times.
  • Supply counts are checked every 10 seconds.